 Dungeon Crawl Stone Soup version 0.29-a0-1061-gbc57f8fbdb (webtiles) character file.

Game seed: 16412113641093533056

55 Plasmagod the Ruffian (level 3, 0/28 HPs)
             Began as a Draconian Transmuter on Aug 18, 2022.
             Slain by a goblin
             ... wielding a +0 club
             ... led by Robin
              (3 damage)
             ... on level 1 of the Dungeon.
             The game lasted 00:02:58 (1983 turns).

Plasmagod the Ruffian (Draconian Transmuter)        Turns: 1983, Time: 00:02:59

Health: 0/28       AC:  5    Str: 12    XL:     3   Next: 67%
Magic:  5/6        EV: 12    Int: 15    God:
Gold:   72         SH:  0    Dex: 11    Spells: 5/6 levels left

rFire   . . .      SeeInvis .     - Unarmed
rCold   . . .      Faith    .   (no shield)
rNeg    . . .      Spirit   .   (body armour unavailable)
rPois   .          Reflect  .   (helmet currently unavailable)
rElec   .          Harm     .   (no cloak)
rCorr   .          Rampage  .   (no gloves)
Will    .....                   (boots currently unavailable)
Stlth   +.........              (no amulet)
HPRegen 0.09/turn               (no ring)
MPRegen 0.10/turn               (no ring)

@: appendages
A: horns 2, talons 2, AC +5, unfitting armour, cold-blooded
a: End Transformation


You were on level 1 of the Dungeon.
You had temporarily grown beastly horns and talons.
You visited 1 branch of the dungeon, and saw 2 of its levels.

You collected 72 gold pieces.

Inventory:

Jewellery
 h - a ring of fire
Scrolls
 c - 3 scrolls of teleportation {unknown}
 j - a scroll of identify {unknown}
 k - a scroll of noise {unknown}
Potions
 a - a potion of lignification
 b - 2 potions of haste {unknown}
 d - a potion of curing {unknown}
 e - a potion of degeneration {unknown}
 f - a potion of flight {unknown}
 g - a potion of mutation {unknown}
 i - 2 potions of brilliance {unknown}


   Skills:
 - Level 1.1 Fighting
 - Level 1.7 Dodging
 + Level 4.7 Unarmed Combat
 - Level 2.0 Spellcasting
 - Level 2.0 Transmutations


You had 5 spell levels left.
You knew the following spells:

 Your Spells              Type           Power      Damage    Failure   Level
a - Beastly Appendage     Tmut           14%        N/A       10%         1

Your spell library contained the following spells:

 Spells                   Type           Power      Damage    Failure   Level
 Wereblood                Tmut           7%         N/A       14%         2
 Spider Form              Tmut/Pois      4%         N/A       41%         3
 Ice Form                 Ice/Tmut       4%         N/A       82%         4
 Alistair's Intoxication  Tmut/Pois      2%         N/A       99%         5
 Borgnjor's Vile Clutch   Necr/Erth      0%         N/A       99%         5
 Eringya's Noxious Bog    Tmut/Pois      2%         N/A       100%        6


Dungeon Overview and Level Annotations

Branches:
Dungeon (2/15)

Altars:

Annotations:
D:2 Robin


Innate Abilities, Weirdness & Mutations

You have temporarily grown beastly horns and talons.
Your plain brown scales are hard. (AC +5)
You cannot fit into any form of body armour.
You are cold-blooded and may be slowed by cold attacks.


Message History

You are too injured to fight recklessly!
You are too injured to fight recklessly!
You are too injured to fight recklessly!
You are too injured to fight recklessly!
You are too injured to fight recklessly!
The goblin attacks as you move away! The goblin barely misses you.
The goblin hits you with a +0 dagger.
Things that are here:
a +0 dagger; a goblin corpse The goblin attacks as you move away!
The goblin barely misses you. The goblin attacks as you move away!
The goblin closely misses you.
The ball python attacks as you move away!
The ball python barely misses you. The ball python completely misses you.
The ball python barely misses you.
There is an open door here.
The goblin attacks as you move away! The goblin hits you but does no damage.
You closely miss the goblin. You claw the goblin.
The goblin is moderately wounded.
Your horns disappear.
Your talons disappear.
The goblin hits you but does no damage.
You closely miss the goblin.
Your tail-slap misses the goblin.
The goblin is moderately wounded.
The goblin hits you with a +0 club.
You are too injured to fight recklessly!
Casting: Beastly Appendage (safe; 10% risk of failure)
Confirm with . or Enter, or press ? or * to list all spells.
You grow a pair of large bovine horns.
Your feet morph into talons.
The goblin completely misses you.
You closely miss the goblin. You claw the goblin.
The goblin is severely wounded.
The goblin hits you with a +0 club.
* * * LOW HITPOINT WARNING * * *
You closely miss the goblin. Your kick misses the goblin.
Your headbutt misses the goblin.
Your tail-slap misses the goblin.
The goblin is severely wounded.
The goblin closely misses you.
You barely miss the goblin.
The goblin is severely wounded.
The goblin hits you with a +0 club.
You die...

#.#..#.###.##........##.##
#.#....# #.###...######.##
#.#.##.# #.# ##.## #.##
#.#.##.###.# #.# #...
#.#...รท....# #.# ####
#......##### ##'## # ##........#
##...## ## #.###.##.###.....## #.
# #..#..##@##g......## ##.
#########.#...##g#)........####..
.........###....Sg.........+.....
#########.#...##.#.........####..
# #..#.###.##.......## ###.
#..#####.###.....## #...
#........# ##...## #.##
##.####### ##'## #.## #.# #.#
#.##


You could see 2 goblins and a ball python.

Vanquished Creatures
  An adder (D:2)
  3 dart slugs
  A bat (D:1)
  5 endoplasms (D:1)
  5 goblins
  2 hobgoblins
  2 jackals (D:2)
  A quokka (D:2)
  3 ball pythons (D:1)
  10 frilled lizards (D:1)
  2 kobolds
  4 rats
39 creatures vanquished.

Vanquished Creatures (others)
  7 plants (D:1)
7 creatures vanquished.

Grand Total: 46 creatures vanquished

Notes
Turn   | Place    | Note
-------+----------+-------------------------------------------
     0 | D:1      | Plasmagod the Draconian Transmuter began the quest for the
                  | Orb.
     0 | D:1      | Reached XP level 1. HP: 16/16 MP: 3/3
   588 | D:1      | Reached XP level 2. HP: 23/23 MP: 3/5
   941 | D:1      | Reached skill level 4 in Unarmed Combat
  1530 | D:2      | Reached XP level 3. HP: 25/28 MP: 4/6
  1829 | D:2      | Noticed Robin
  1956 | D:2      | Noticed a phantom
  1983 | D:1      | Slain by a goblin

Illustrated notes

Levels and vault maps discovered:
D:1:      ncdulo_halloftheorcs, layout_loops_corners, minmay_lizard_king
D:2:      layout_loops_ring, uniq_robin

Skill      XL: |  1  2 |
---------------+-------+-----
Unarmed Combat | 4 |  4.7
Fighting       | |  1.1
Dodging        | |  1.7
Spellcasting   | |  2.0
Transmutations | |  2.0

Action                   || total
-------------------------++-------
Melee: Unarmed           ||   109
       Kick              ||    12
       Headbutt          ||     8
       Tailslap          ||     6
 Cast: Beastly Appendage ||    27
 Stab: Sleeping          ||     1
Armor: Skin              ||    47
Dodge: Dodged            ||    89

Table legend: (Time is in decaauts)
 A = Elapsed time spent in this place.
 B = Non-inter-level travel time spent in this place.
 C = Inter-level travel time spent in this place.
 D = Time resting spent in this place.
 E = Time spent auto-exploring this place.
 F = Levels seen in this place.
 G = Mean time per level.
                   A        B        C        D        E       F      G
               +--------+--------+--------+--------+--------+-----+--------+
         Total |   1981 |   1960 |     21 |     95 |   1598 |   2 |  990.5 |
       Dungeon |   1981 |   1960 |     21 |     95 |   1598 |   2 |  990.5 |
               +--------+--------+--------+--------+--------+-----+--------+

Top non-repeatable levels by time:
     D:1: 1522 daAuts
     D:2: 459 daAuts
